 Dungeon Crawl Stone Soup version 0.29.1-15-g9cfb28693d (webtiles) character file.

Game seed: 3344917858152439769

147 zeram the Ducker (level 5, -6/53 HPs)
             Began as a Troll Fighter on Apr 11, 2023.
             Mangled by a gnoll
             ... wielding a +0 club
              (7 damage)
             ... on level 3 of the Dungeon.
             The game lasted 00:02:36 (1655 turns).

zeram the Ducker (Troll Fighter)                    Turns: 1655, Time: 00:02:37

Health: -6/53      AC:  4    Str: 24    XL:     5   Next: 8%
Magic:  4/4        EV:  9    Int:  6    God:
Gold:   75         SH:  7    Dex:  9    Spells: 4/4 levels left

rFire   . . .      SeeInvis .   a - +0 flail
rCold   . . .      Faith    .   c - +0 kite shield
rNeg    . . .      Spirit   .   b - +0 robe
rPois   .          Reflect  .   (helmet restricted)
rElec   .          Harm     .   (no cloak)
rCorr   .          Rampage  .   (gloves unavailable)
Will    +....                   (boots unavailable)
Stlth   +.........              e - amulet of regeneration
HPRegen 1.77/turn               j - ring of willpower
MPRegen 0.09/turn               (no ring)

@: no status effects
A: large, unfitting armour, claws 3, regeneration 1, shaggy fur 1, tough skin 1
a: no special abilities


You were on level 3 of the Dungeon.
You visited 1 branch of the dungeon, and saw 3 of its levels.

You collected 75 gold pieces.

Inventory:

Hand Weapons
 a - a +0 flail (weapon)
Armour
 b - a +0 robe (worn)
 c - a +0 kite shield (worn)
Jewellery
 e - an amulet of regeneration (around neck)
 j - a ring of willpower (left claw)
Scrolls
 i - a scroll of identify
 l - a scroll of magic mapping
 o - a scroll of enchant weapon {unknown}
 p - a scroll of fear {unknown}
Potions
 d - a potion of might
 f - 2 potions of curing
 g - 2 potions of resistance {unknown}
 h - 2 potions of heal wounds {unknown}
 k - a potion of flight {unknown}
 m - a potion of mutation {unknown}
 n - a potion of cancellation {unknown}


   Skills:
 + Level 3.2 Fighting
 + Level 3.3 Maces & Flails
 + Level 3.3 Dodging
 - Level 2.6 Shields


You had 4 spell levels left.
You didn't know any spells.
Your spell library contained the following spells:

 Spells                   Type           Power      Damage    Failure   Level
 Apportation              Tloc           0%         N/A       77%         1
 Necrotise                Necr           0%         1d4       77%         1
 Summon Small Mammal      Summ           0%         N/A       77%         1


Dungeon Overview and Level Annotations

Branches:
Dungeon (3/15)

Altars:


Innate Abilities, Weirdness & Mutations

You are too large for most types of armour.
You have claws for hands.
Your natural rate of healing is unusually fast.
You are covered in fur. (AC +1)
You have tough skin. (AC +1)


Message History

The orc priest shouts!
You hear a shout!
An orc comes into view. It is wielding a +0 flail.
A gnoll comes into view. It is wielding a +0 club.
The orc wizard moves out of view.
An orc comes into view. It is wielding a +0 whip.
A gnoll comes into view. It is wielding a +0 club.
The gnoll shouts! x2
A quokka comes into view.
A gnoll comes into view. It is wielding a +0 whip.
You see here a +0 robe.
You closely miss the gnoll. You block the gnoll's attack.
The orc priest calls down the wrath of Beogh upon you.
Beogh smites you! The gnoll barely misses you.
You barely miss the gnoll. You closely miss the orc priest.
The orc priest mumbles some strange prayers to Beogh against you.
Beogh smites you!
You closely miss the orc priest. The quokka barely misses you.
The orc priest hits you but does no damage.
The gnoll hits you with a +0 club. The quokka bites you.
The orc wizard casts a spell.
The orc wizard flickers and vanishes!
Deactivating autopickup; reactivate with Ctrl-A.
You block the gnoll's attack.
You hit the gnoll.
The gnoll is moderately wounded.
The quokka barely misses you. The gnoll hits you but does no damage.
The quokka closely misses you.
You hit the gnoll but do no damage.
The gnoll is moderately wounded.
The orc hits you with a +0 whip. The gnoll hits you but does no damage.
The orc priest calls down the wrath of Beogh upon you.
Beogh smites you!
* * * LOW HITPOINT WARNING * * *
The quokka bites you.
* * * LOW HITPOINT WARNING * * *
The orc hits you but does no damage. The orc hits you with a +0 flail!
* * * LOW HITPOINT WARNING * * *
The gnoll hits you with a +0 club!
You die...

####...
...... #.....
###....######
#...........
#.....og..#
#....rogg.#
#.o@# #...#
#...#
.....##.#
####.
#.######## #
#.........
#.##.########
.###.#...##
..........#


You could see an orc priest, 3 gnolls, 2 orcs and a quokka.

Vanquished Creatures
  2 orc priests (D:3)
  4 adders (D:2)
  2 dart slugs (D:1)
  2 orcs (D:3)
  6 bats
  4 endoplasms
  4 giant cockroaches
  A hobgoblin (D:2)
  2 jackals (D:2)
  3 quokkas
  4 ball pythons
  4 frilled lizards
  2 goblins
  3 kobolds
  5 rats
48 creatures vanquished.

Notes
Turn   | Place    | Note
-------+----------+-------------------------------------------
     0 | D:1      | zeram the Troll Fighter began the quest for the Orb.
     0 | D:1      | Reached XP level 1. HP: 22/22 MP: 0/0
    81 | D:1      | Reached XP level 2. HP: 29/29 MP: 1/1
   839 | D:2      | Reached XP level 3. HP: 36/36 MP: 2/2
  1084 | D:2      | Found a faded altar of an unknown god.
  1109 | D:2      | Reached XP level 4. HP: 45/45 MP: 3/3
  1375 | D:3      | Reached XP level 5. HP: 51/53 MP: 4/4
  1655 | D:3      | HP: 1/53 [orc/+0 flail (7)]
  1655 | D:3      | Mangled by a gnoll

Illustrated notes

Levels and vault maps discovered:
D:1:      tarquinn_simple_flora_water_b, layout_basic
D:2:      layout_rooms, hellmonk_ecumenical_altar_inner_sanctum
D:3:      layout_loops_corners, kennysheep_another_room

Skill      XL: |  1  2  3  4 |
---------------+-------------+-----
Maces & Flails | 2 3 |  3.3
Fighting       | 3 |  3.2
Dodging        | 3 |  3.3
Shields        | |  2.6

Action                   |  1- 3 |  4- 6 || total
-------------------------+-------+-------++-------
Melee: Flail             |   135 |    54 ||   189
  Use: Scroll            |     3 |       ||     3
Armor: Robe              |    68 |    24 ||    92
Dodge: Dodged            |    79 |    16 ||    95
Block: Kite shield       |    75 |    19 ||    94
